PAAA
CALGARY LYNX @ ROYSE CITY TARGARYENS
08/19/2025
 
TOP OF THE 1ST
Calgary Lynx batting - Pitching for Royse City Targaryens : RHP Rodger de Meza
Pitching: RHP Rodger de Meza
Batting: SHB Lowell Moon 0-0: Bunt for hit - play at first, batter safe!
Batting: LHB Miguel Zúñiga 0-0: Called Strike
0-1: Called Strike
0-2: Ball
1-2: Ball
2-2: Foul Ball, location: 2F
2-2: Foul Ball, location: 2F
2-2: Foul Ball, location: 2F
2-2: Foul Ball, location: 2F
2-2: Strikes out looking
Batting: RHB Jesús Martínez 0-0: Ball
1-0: SINGLE (Line Drive, 89S)
Lowell Moon to second
Batting: RHB Álex Estrada 0-0: SINGLE (Line Drive, 9S)
Lowell Moon to third
Jesús Martínez to second
Runner from 3rd tries for Home, SAFE, no throw
Batting: LHB Thomas Campbell 0-0: Foul Ball, location: 2F
0-1: Grounds into double play, 4-6-3 (Groundball, 4)
Top of the 1st over - 1 run(s), 3 hit(s), 0 error(s), 1 left on base; Calgary 1 - Royse City 0
BOTTOM OF THE 1ST
Royse City Targaryens batting - Pitching for Calgary Lynx : RHP Willie Cameron
Pitching: RHP Willie Cameron
Batting: LHB José Vargas 0-0: Swinging Strike
0-1: SOLO HOME RUN (Flyball, 89XD), Distance : 370 ft
Batting: RHB Javier Rivera 0-0: Called Strike
0-1: Ball
1-1: Ball
2-1: SINGLE (Line Drive, 6MD)
Batting: LHB José Tamayo 0-0: Ball
1-0: Foul Ball, location: 2F
1-1: Ball
2-1: Called Strike
2-2: DOUBLE (Line Drive, 9LD)
Javier Rivera to third
Batting: RHB Tomás Martínez 0-0: Ball
1-0: Called Strike
1-1: Called Strike
1-2: Strikes out looking
Batting: LHB Jon Baxter 0-0: Called Strike
0-1: Ball
1-1: Ball
2-1: Ball
3-1: Base on Balls
Batting: LHB Cisco Padilla 0-0: Ball
1-0: Ball
2-0: Ball
3-0: Base on Balls
Javier Rivera scores
José Tamayo to third
Jon Baxter to second
Batting: RHB Tony Martínez 0-0: Ball
1-0: Called Strike
1-1: Ball
2-1: Fly out, F5 (Line Drive, 5S)
Batting: RHB Fernando Rivera 0-0: Ball
1-0: Ball
2-0: Called Strike
2-1: Ball
3-1: Swinging Strike
3-2: Ground out 6-3 (Groundball, 6)
Bottom of the 1st over - 2 run(s), 3 hit(s), 0 error(s), 3 left on base; Calgary 1 - Royse City 2
TOP OF THE 2ND
Calgary Lynx batting - Pitching for Royse City Targaryens : RHP Rodger de Meza
Batting: RHB Hieu De 0-0: Foul Ball, location: 2F
0-1: Ground out 5-3 (Groundball, 5S)
Batting: RHB Ramón Cabral 0-0: Ball
1-0: Fly out, F9 (Flyball, 9S)
Batting: SHB Eric O'Neill 0-0: Swinging Strike
0-1: Foul Ball, location: 2F
0-2: Strikes out swinging
Top of the 2nd over - 0 run(s), 0 hit(s), 0 error(s), 0 left on base; Calgary 1 - Royse City 2
BOTTOM OF THE 2ND
Royse City Targaryens batting - Pitching for Calgary Lynx : RHP Willie Cameron
Batting: LHB Jorge Garza 0-0: Ball
1-0: Called Strike
1-1: Called Strike
1-2: Ball
2-2: Fly out, F7 (Flyball, 7S)
Batting: LHB José Vargas 0-0: Ball
1-0: Foul Ball, location: 2F
1-1: Ball
2-1: Called Strike
2-2: Fly out, F8 (Flyball, 8RM)
Batting: RHB Javier Rivera 0-0: Ball
1-0: Swinging Strike
1-1: Ball
2-1: Swinging Strike
2-2: DOUBLE (Flyball, 78M)
Batting: LHB José Tamayo 0-0: Swinging Strike
0-1: 2-RUN HOME RUN (Flyball, 9D), Distance : 353 ft
Batting: RHB Tomás Martínez 0-0: Called Strike
0-1: SINGLE (Groundball, 56D)
Batting: LHB Jon Baxter 0-0: Ball
1-0: SINGLE (Groundball, 56D)
Tomás Martínez to second
Batting: LHB Cisco Padilla 0-0: Ball
1-0: Ball
2-0: Ball
3-0: Base on Balls
Tomás Martínez to third
Jon Baxter to second
Batting: RHB Tony Martínez 0-0: Foul Ball, location: 2F
0-1: Ball
1-1: Fly out, F3 (Line Drive, 3)
Bottom of the 2nd over - 2 run(s), 4 hit(s), 0 error(s), 3 left on base; Calgary 1 - Royse City 4
TOP OF THE 3RD
Calgary Lynx batting - Pitching for Royse City Targaryens : RHP Rodger de Meza
Batting: RHB Chris Woodruff 0-0: Foul Ball, location: 2F
0-1: Called Strike
0-2: Ball
1-2: Ball
2-2: Ground out 1-3 (Groundball, 15S)
Batting: SHB Lowell Moon 0-0: SINGLE (Groundball, 4MD)
Batting: LHB Miguel Zúñiga 0-0: Ball
Lowell Moon is caught stealing 2nd base
1-0: Swinging Strike
1-1: Ball
2-1: Foul Ball, location: 2F
2-2: Ball
3-2: Strikes out looking
Top of the 3rd over - 0 run(s), 1 hit(s), 0 error(s), 0 left on base; Calgary 1 - Royse City 4
BOTTOM OF THE 3RD
Royse City Targaryens batting - Pitching for Calgary Lynx : RHP Willie Cameron
Batting: RHB Fernando Rivera 0-0: Ground out 6-3 (Groundball, 6)
Batting: LHB Jorge Garza 0-0: Ball
1-0: Foul Ball, location: 2F
1-1: Ball
2-1: Called Strike
2-2: Ball
3-2: Base on Balls
Batting: LHB José Vargas 0-0: Fielders Choice at 2nd, 4-6 (Groundball, 34)
Batting: RHB Javier Rivera 0-0: Ball
1-0: Called Strike
1-1: Ball
2-1: Swinging Strike
2-2: Fly out, F7 (Flyball, 7LSF)
Bottom of the 3rd over - 0 run(s), 0 hit(s), 0 error(s), 1 left on base; Calgary 1 - Royse City 4
TOP OF THE 4TH
Calgary Lynx batting - Pitching for Royse City Targaryens : RHP Rodger de Meza
Batting: RHB Jesús Martínez 0-0: Called Strike
0-1: Ball
1-1: Ball
2-1: Called Strike
2-2: Foul Ball, location: 2F
2-2: Foul Ball, location: 2F
2-2: Ball
3-2: Ground out 5-3 (Groundball, 56S)
Batting: RHB Álex Estrada 0-0: Called Strike
0-1: Ball
1-1: Ball
2-1: Ground out 5-3 (Groundball, 56S)
Batting: LHB Thomas Campbell 0-0: Foul Ball, location: 2F
0-1: SINGLE (Groundball, 34D)
Batting: RHB Hieu De 0-0: Foul Ball, location: 2F
0-1: Foul Ball, location: 2F
0-2: Ball
1-2: Fly out, F5 (Line Drive, 5S)
Top of the 4th over - 0 run(s), 1 hit(s), 0 error(s), 1 left on base; Calgary 1 - Royse City 4
BOTTOM OF THE 4TH
Royse City Targaryens batting - Pitching for Calgary Lynx : RHP Willie Cameron
Batting: LHB José Tamayo 0-0: Ball
1-0: Called Strike
1-1: Ball
2-1: Ball
3-1: Foul Ball, location: 2F
3-2: Base on Balls
Batting: RHB Tomás Martínez 0-0: Called Strike
0-1: Ground out 5-3 (Groundball, 56S)
José Tamayo to second
Batting: LHB Jon Baxter 0-0: Ball
1-0: SINGLE (Groundball, 4MD)
José Tamayo to third
Runner from 3rd tries for Home, SAFE, no throw
Batting: LHB Cisco Padilla 0-0: Called Strike
0-1: Ball
1-1: Ball
2-1: Swinging Strike
2-2: Fielders Choice at 2nd, 4-6 (Groundball, 4D)
Batting: RHB Tony Martínez 0-0: Called Strike
0-1: Ball
1-1: Swinging Strike
1-2: Fly out, F8 (Flyball, 8LM)
Bottom of the 4th over - 1 run(s), 1 hit(s), 0 error(s), 1 left on base; Calgary 1 - Royse City 5
TOP OF THE 5TH
Calgary Lynx batting - Pitching for Royse City Targaryens : RHP Rodger de Meza
Batting: RHB Ramón Cabral 0-0: Called Strike
0-1: Ball
1-1: Fly out, F9 (Flyball, 9S)
Batting: SHB Eric O'Neill 0-0: Swinging Strike
0-1: Ball
1-1: Called Strike
1-2: SINGLE (Groundball, 25) (infield hit)
Batting: RHB Chris Woodruff 0-0: Fly out, F8 (Flyball, 8LM)
Batting: SHB Lowell Moon 0-0: Ball
1-0: Fielders Choice at 2nd, 4-6 (Groundball, 4)
Top of the 5th over - 0 run(s), 1 hit(s), 0 error(s), 0 left on base; Calgary 1 - Royse City 5
BOTTOM OF THE 5TH
Royse City Targaryens batting - Pitching for Calgary Lynx : RHP Willie Cameron
Pitching: LHP Elroy Gardner
Batting: RHB Fernando Rivera 0-0: Ball
1-0: SINGLE (Line Drive, 6MD)
Batting: LHB Jorge Garza 0-0: Bunted foul
0-1: Sac Bunt - play at first, batter OUT! 1-4
Fernando Rivera to second
Batting: LHB José Vargas 0-0: Called Strike
0-1: Fly out, F9 (Flyball, 9S)
Batting: RHB Javier Rivera 0-0: Ball
1-0: Ball
2-0: Called Strike
2-1: Ball
3-1: Foul Ball, location: 2F
3-2: Foul Ball, location: 2F
3-2: Strikes out swinging
Bottom of the 5th over - 0 run(s), 1 hit(s), 0 error(s), 1 left on base; Calgary 1 - Royse City 5
TOP OF THE 6TH
Calgary Lynx batting - Pitching for Royse City Targaryens : RHP Rodger de Meza
Batting: LHB Miguel Zúñiga 0-0: Swinging Strike
0-1: Fly out, F7 (Line Drive, 78D)
Batting: RHB Jesús Martínez 0-0: Ground out 5-3 (Groundball, 56)
Batting: RHB Álex Estrada 0-0: Ball
1-0: Ball
2-0: Fly out, F8 (Flyball, 89XD)
Top of the 6th over - 0 run(s), 0 hit(s), 0 error(s), 0 left on base; Calgary 1 - Royse City 5
BOTTOM OF THE 6TH
Royse City Targaryens batting - Pitching for Calgary Lynx : LHP Elroy Gardner
Batting: LHB José Tamayo 0-0: Ball
1-0: SINGLE (Flyball, 89S)
Batting: RHB Tomás Martínez 0-0: Called Strike
0-1: Called Strike
0-2: Foul Ball, location: 2F
0-2: Strikes out swinging
Batting: LHB Jon Baxter 0-0: Ball
1-0: Ball
2-0: Fly out, F6 (Popup, 6D)
Batting: LHB Cisco Padilla 0-0: Ball
1-0: SINGLE (Line Drive, 34)
José Tamayo to second
Batting: RHB Tony Martínez 0-0: Ball
1-0: Called Strike
1-1: Ball
2-1: Fielders Choice at 2nd, 6-4 (Groundball, 6)
Bottom of the 6th over - 0 run(s), 2 hit(s), 0 error(s), 1 left on base; Calgary 1 - Royse City 5
TOP OF THE 7TH
Calgary Lynx batting - Pitching for Royse City Targaryens : RHP Rodger de Meza
Pitching: RHP Gabriel Rodríguez
Batting: LHB Thomas Campbell 0-0: Ball
1-0: Fly out, F2 (Popup, 15S)
Batting: RHB Hieu De 0-0: Ball
1-0: Called Strike
1-1: Swinging Strike
1-2: Foul Ball, location: 2F
1-2: Ground out 6-3 (Groundball, 6)
Batting: RHB Ramón Cabral 0-0: Fly out, F8 (Flyball, 8RM)
Top of the 7th over - 0 run(s), 0 hit(s), 0 error(s), 0 left on base; Calgary 1 - Royse City 5
BOTTOM OF THE 7TH
Royse City Targaryens batting - Pitching for Calgary Lynx : LHP Elroy Gardner
Batting: RHB Fernando Rivera 0-0: Fly out, F8 (Flyball, 8LM)
Batting: LHB Jorge Garza 0-0: SINGLE (Groundball, 4D)
Batting: LHB José Vargas 0-0: Called Strike
0-1: Called Strike
0-2: Fielders Choice at 2nd, 4-6 (Groundball, 34)
Batting: RHB Javier Rivera 0-0: Ball
1-0: Called Strike
1-1: Ball
2-1: Called Strike
2-2: SINGLE (Line Drive, 3D)
José Vargas to second
Pitching: LHP Adrian Neumann
Batting: LHB José Tamayo 0-0: Called Strike
0-1: Called Strike
0-2: Ball
1-2: Strikes out swinging
Bottom of the 7th over - 0 run(s), 2 hit(s), 0 error(s), 2 left on base; Calgary 1 - Royse City 5
TOP OF THE 8TH
Calgary Lynx batting - Pitching for Royse City Targaryens : RHP Gabriel Rodríguez
Batting: SHB Eric O'Neill 0-0: Swinging Strike
0-1: Foul Ball, location: 2F
0-2: Ball
1-2: Strikes out swinging
Batting: RHB Chris Woodruff 0-0: Swinging Strike
0-1: Called Strike
0-2: Strikes out swinging
Batting: SHB Lowell Moon 0-0: Called Strike
0-1: Swinging Strike
0-2: Ball
1-2: Ball
2-2: Foul Ball, location: 2F
2-2: Strikes out swinging
Top of the 8th over - 0 run(s), 0 hit(s), 0 error(s), 0 left on base; Calgary 1 - Royse City 5
BOTTOM OF THE 8TH
Royse City Targaryens batting - Pitching for Calgary Lynx : LHP Adrian Neumann
Batting: RHB Tomás Martínez 0-0: Called Strike
0-1: Ball
1-1: Fly out, F7 (Line Drive, 7)
Batting: LHB Jon Baxter 0-0: Swinging Strike
0-1: Swinging Strike
0-2: SINGLE (Line Drive, 9LS)
Batting: LHB Cisco Padilla 0-0: Swinging Strike
0-1: Ball
1-1: Foul Ball, location: 2F
1-2: Foul Ball, location: 2F
1-2: Ball
2-2: Ball
3-2: SINGLE (Line Drive, 78M)
Jon Baxter to second
Jon Baxter to third
Batting: RHB Tony Martínez 0-0: Ball
1-0: Swinging Strike
1-1: Swinging Strike
1-2: Ball
2-2: Fly out, F8 (Flyball, 8LS)
Batting: RHB Fernando Rivera 0-0: Ball
1-0: Ground out 5-3 (Groundball, 56S)
Bottom of the 8th over - 0 run(s), 2 hit(s), 0 error(s), 2 left on base; Calgary 1 - Royse City 5
TOP OF THE 9TH
Calgary Lynx batting - Pitching for Royse City Targaryens : RHP Gabriel Rodríguez
Pitching: RHP Jim Unknown
Batting: LHB Miguel Zúñiga 0-0: Ball
1-0: Called Strike
1-1: Ground out 3-1 (Groundball, 34)
Batting: RHB Jesús Martínez 0-0: Ball
1-0: Ball
2-0: Foul Ball, location: 2F
2-1: Called Strike
2-2: Foul Ball, location: 2F
2-2: SOLO HOME RUN (Flyball, 8LXD), Distance : 433 ft
Batting: RHB Álex Estrada 0-0: Fly out, F7 (Line Drive, 7)
Batting: LHB Thomas Campbell 0-0: Foul Ball, location: 2F
0-1: Ball
1-1: Ball
2-1: Ball
3-1: Fly out, F4 (Line Drive, 4MS)
Top of the 9th over - 1 run(s), 1 hit(s), 0 error(s), 0 left on base; Calgary 2 - Royse City 5
Friday, December 30th, 2016 - OOTP Baseball 17.12 Build 75